 Dungeon Crawl Stone Soup version 0.31-a0-986-g5e6e4ef867 (webtiles) character file.

Game seed: 140688632988279178

1586 strifetoe the Cleaver (level 8, -1/64 HPs)
             Began as a Minotaur Monk on Nov 18, 2023.
             Was an Initiate of Gozag.
             Slain by a gnoll sergeant
             ... wielding a +0 spear
              (10 damage)
             ... on level 6 of the Dungeon.
             The game lasted 00:05:53 (4478 turns).

strifetoe the Cleaver (Minotaur Monk)               Turns: 4478, Time: 00:05:54

Health: -1/64      AC:  9    Str: 25      XL:     8   Next: 61%
Magic:  7/7        EV: 14    Int:  7      God:    Gozag
Gold:   574        SH:  0    Dex: 10 (12) Spells: 7/7 levels left

rFire   . . .        s - +2 hand axe (freeze)
rCold   . . .        d - orb {light}
rNeg    . . .        h - +1 chain mail
rPois   .            (helmet restricted)
rElec   .            (no cloak)
rCorr   .            (no gloves)
SInv    .            (no boots)
Will    .....        (no amulet) Stlth
                     e - +6 ring of strength
HPRegen 0.30/turn    u - +5 ring of evasion
MPRegen 0.10/turn

%: no passive effects
@: gold aura, hasted, glowing
A: horns 2, retaliatory headbutt
a: Renounce Religion, Potion Petition, Call Merchant, Bribe Branch


You were on level 6 of the Dungeon.
You worshipped Gozag.
Gozag was pleased with you.
You visited 2 branches of the dungeon, and saw 7 of its levels.

You collected 630 gold pieces.
You paid 56 gold pieces to Gozag.

Inventory:

Hand Weapons
 a - a +0 hand axe
 s - a +2 hand axe of freezing (weapon)
Armour
 d - an orb of light (worn)
 h - a +1 chain mail (worn)
Jewellery
 e - a +6 ring of strength (left hand)
 u - a +5 ring of evasion (right hand)
Scrolls
 g - 3 scrolls of enchant armour
 i - a scroll of fog
Potions
 f - a potion of curing {unknown}
 k - a potion of heal wounds {unknown}
 m - a potion of might {unknown}
 n - a potion of haste
 p - 4 potions of brilliance
 r - 2 potions of enlightenment {unknown}
 w - a potion of attraction {unknown}


   Skills:
 - Level 3.6 Fighting
 + Level 13.3 Axes
 - Level 3.2 Dodging


You had 7 spell levels left.
You didn't know any spells.
Your spell library contained the following spells:

 Spells                   Type           Power      Damage    Failure   Level
 Sting                    Tmut/Pois      0%         1d3       96%         1
 Poisonous Vapours        Pois/Air       0%         N/A       99%         2
 Olgreb's Toxic Radiance  Pois           0%         N/A       100%        4


Dungeon Overview and Level Annotations

Branches:
Dungeon (6/15)             Temple (1/1) D:4

Altars:
Ashenzari
Cheibriados
Dithmenos
Elyvilon
Fedhas
Gozag
Kikubaaqudgha
Nemelex Xobeh
Okawaru
Ru
Sif Muna
Trog
Uskayaw
Vehumet
Xom
Zin
The Shining One

Shops:
D:1 [*[


Innate Abilities, Weirdness & Mutations

You have a pair of horns on your head.
You reflexively headbutt those who attack you in melee.


Message History

The gnoll sergeant is severely wounded.
You hit the gnoll. You freeze the gnoll. The gnoll hits you with a +0 whip.
The gnoll hits you from afar with a +0 spear.
The gnoll hits you from afar with a +0 halberd!
The gnoll sergeant hits you with a +0 spear.
You hit the gnoll sergeant. You freeze the gnoll sergeant.
The gnoll sergeant is severely wounded.
You hit the gnoll. You freeze the gnoll. You slash the gnoll!
You freeze the gnoll.
You kill the gnoll!
You hit the gnoll sergeant. You freeze the gnoll sergeant.
The gnoll barely misses you.
The gnoll sergeant hits you with a +0 spear.
The gnoll closely misses you.
You hit the gnoll sergeant but do no damage.
The gnoll sergeant is almost dead.
The gnoll hits you but does no damage.
The gnoll hits you from afar with a +0 spear!
The gnoll sergeant hits you with a +0 spear!
* * * LOW HITPOINT WARNING * * *
You are too injured to fight recklessly!
You are too injured to fight recklessly!
You are too injured to fight recklessly!
You are too injured to fight recklessly!
You are too injured to fight recklessly!
You are too injured to fight recklessly!
You are too injured to fight recklessly!
You are too injured to fight recklessly!
You are too injured to fight recklessly!
You are too injured to fight recklessly!
You are too injured to fight recklessly!
Unknown command.
You feel yourself speed up. The gnoll hits you but does no damage.
The gnoll closely misses you.
The gnoll sergeant hits you with a +0 spear!
* * * LOW HITPOINT WARNING * * *
Unknown command.
The gnoll sergeant hits you from afar with a +0 spear!
You die...
Your body crumbles into a pile of gold.

.#..# ######### #.....
#.......##..?..#
#............P.# ####
#.......<#.#.P.#
....##............P..
............#...P.#
#.#.#.#.#.#.$..##...)#
......g.@............#
.#.#.#g#$#.#.####..#.#
.g.......# .#.#
#.#.#.#.#.#.. #.#
..............# .
.#.#.#.#.#.#.#...
...?.. .....## #.#.#.#
#.#.#


You could see a gnoll sergeant and 2 gnolls.

Vanquished Creatures
  3 yaks (D:5)
  A black bear (D:4)
  An ice beast (D:5)
  An ogre (D:5)
  2 centaurs (D:5)
  2 scorpions
  3 hounds
  A jelly (D:5)
  4 orc priests
  A sleepcap (D:6)
  4 iguanas (D:4)
  An orc wizard (D:5)
  3 adders
  5 gnolls
  A white imp (D:4)
  6 ufetubi
  2 worms (D:5)
  2 dart slugs
  15 orcs
  5 endoplasms
  3 giant cockroaches
  8 hobgoblins
  2 quokkas
  9 ball pythons
  6 bats
  4 frilled lizards
  7 goblins
  5 kobolds
  5 rats
112 creatures vanquished.

Notes
Turn   | Place    | Note
-------+----------+-------------------------------------------
     0 | D:1      | strifetoe the Minotaur Monk began the quest for the Orb.
     0 | D:1      | Reached XP level 1. HP: 19/19 MP: 0/0
   214 | D:1      | Reached skill level 4 in Axes
   236 | D:1      | Reached XP level 2. HP: 24/26 MP: 1/1
   284 | D:1      | Found Puohejom's General Store.
   350 | D:1      | Found Etoduo's Armour Shoppe.
   516 | D:1      | Found Qoeseeg's Antique Armour Boutique.
   625 | D:2      | Found a faded altar of an unknown god.
   642 | D:2      | Found a sparkling altar of Nemelex Xobeh.
   651 | D:2      | Reached skill level 5 in Axes
   651 | D:2      | Reached XP level 3. HP: 31/31 MP: 2/2
  1060 | D:3      | Reached skill level 6 in Axes
  1060 | D:3      | Reached XP level 4. HP: 38/39 MP: 3/3
  1373 | D:3      | Reached skill level 7 in Axes
  1373 | D:3      | Reached XP level 5. HP: 44/45 MP: 4/4
  1410 | D:3      | Found Kiann's Antique Weapon Shop.
  1612 | D:3      | Found a hide-covered altar of Uskayaw.
  1619 | D:3      | Found a snail-covered altar of Cheibriados.
  1793 | D:3      | Became a worshipper of Cheibriados the Contemplative
  1793 | D:3      | Reached * piety under Cheibriados
  1793 | D:3      | Reached ** piety under Cheibriados
  1845 | D:4      | Found a staircase to the Ecumenical Temple.
  1871 | Temple   | Entered the Ecumenical Temple
  1878 | Temple   | Fell from the grace of Cheibriados
  1878 | Temple   | Became a worshipper of Gozag Ym Sagoz the Greedy
  1974 | D:4      | Found an iron altar of Okawaru.
  2236 | D:4      | Reached skill level 8 in Axes
  2414 | D:4      | Reached XP level 6. HP: 50/51 MP: 5/5
  2578 | D:4      | Reached skill level 9 in Axes
  2894 | D:5      | Entered Level 5 of the Dungeon
  2922 | D:5      | Reached skill level 10 in Axes
  2922 | D:5      | Reached XP level 7. HP: 19/57 MP: 6/6
  3484 | D:5      | Reached skill level 11 in Axes
  3568 | D:5      | Found a shadowy altar of Dithmenos.
  3575 | D:5      | Found a broken altar of Ashenzari.
  3610 | D:5      | Noticed a yak
  3610 | D:5      | Noticed a yak
  3611 | D:5      | Noticed a yak
  3919 | D:5      | Found a shimmering altar of Xom.
  3969 | D:5      | Killed a yak
  3970 | D:5      | Reached XP level 8. HP: 64/64 MP: 7/7
  3974 | D:5      | Reached skill level 12 in Axes
  4162 | D:5      | Reached skill level 13 in Axes
  4478 | D:6      | Slain by a gnoll sergeant

Illustrated notes

Levels and vault maps discovered:
D:1:      lightli_arrival_lavapool, layout_rooms, serial_shops, shop, shop,
          nicolae_shop_back_alley_shop, serial_bayou_crossing
D:2:      layout_basic, basic_altar, basic_ecumenical_altar
D:3:      layout_loops_ring, minitemple, serial_shops, shop, dk_noncrumbling_2
D:4:      minmay_inner_zag, layout_basic, okawaru_gym_becter, temple_pool_b,
          corexii_checkpoint
D:5:      layout_cave_pools, marbit_many_paths, amethyst_overflow_temple_binary
D:6:      layout_loops_cross, mainiacjoe_overflow_boulevard,
          minmay_crystal_water, hex_large, nicolae_fountain_basement
Temple:   nicolae_temple_ecumenical_triangle

Skill      XL: |  1  2  3  4  5  6  7  8 |
---------------+-------------------------+-----
Axes           | 4 5 6 7 8 10 11 13 | 13.3
Fighting       | |  3.6
Dodging        | |  3.2

Action                     |  1- 3 |  4- 6 |  7- 9 || total
---------------------------+-------+-------+-------++-------
  Melee: Hand axe          |    75 |    82 |   104 ||   261
         Headbutt          |    11 |    21 |    24 ||    56
    Use: Scroll            |       |     7 |     6 ||    13
         Potion            |       |       |     5 ||     5
 Armour: Robe              |     8 |       |       ||     8
         Ring mail         |     4 |       |       ||     4
         Chain mail        |    51 |    50 |    79 ||   180
         Skin              |       |       |    32 ||    32
  Dodge: Dodged            |    34 |    38 |    45 ||   117

Table legend: (Time is in decaauts)
 A = Elapsed time spent in this place.
 B = Non-inter-level travel time spent in this place.
 C = Inter-level travel time spent in this place.
 D = Time resting spent in this place.
 E = Time spent auto-exploring this place.
 F = Levels seen in this place.
 G = Mean time per level.
                   A        B        C        D        E       F      G
               +--------+--------+--------+--------+--------+-----+--------+
         Total |   5152 |   4825 |    327 |    664 |   3305 |   7 |  736.0 |
       Dungeon |   5132 |   4814 |    318 |    664 |   3305 |   6 |  855.3 |
        Temple |     20 |     11 |      9 |      0 |      0 |   1 |   20.0 |
               +--------+--------+--------+--------+--------+-----+--------+

Top non-repeatable levels by time:
     D:4: 1630 daAuts
     D:5: 1596 daAuts
     D:3: 817 daAuts
     D:1: 635 daAuts
     D:2: 421 daAuts
     D:6: 32 daAuts
  Temple: 20 daAuts
